cohdb
Replays
Latest Replays
All Replays
Popular Replays
Top Player Replays
Match Explorer
How It Works
Community
CoH3 Stats
Reddit
Sign in to upload your games and track your stats! →
Sign in with Steam
Match 41844562
Unlisted
Match 41844562
Overview
Messages
Build Orders
End
Panzergrenadier Squad
250 Light Carrier
Construct Light Support Kompanie
Panzerjäger Squad
2.5-tonne Medical Truck
Fire Support Elements
Selects Italian Infantry
Selects Guastatori Squad
Guastatori Squad
le.IG 18 Mechanized Group
Guastatori Squad
Selects Registered Artillery
Vilan
Arez
Gal
Shutikh
mp5
Dawes
anearion88
Yami
0
0
Comments
sign in to comment!
No comments posted yet!